 Dungeon Crawl Stone Soup version 0.22-a0-280-g69bf1f3 (webtiles) character file.

672 Serpenta the Chopper (level 7, -14/70 HPs)
             Began as a Naga Chaos Knight on Mar 16, 2018.
             Demolished by an ogre
             ... wielding a +0 giant club
              (21 damage)
             ... on level 5 of the Dungeon.
             The game lasted 00:09:06 (3972 turns).

Serpenta the Chopper (Naga Chaos Knight)            Turns: 3972, Time: 00:09:06

Health: -14/70     AC:  7    Str: 16    XL:     7   Next: 59%
Magic:  7/7        EV:  8    Int: 13    God:    Xom [.....*]
Gold:   305        SH:  3    Dex: 15    Spells: 6/6 levels left

rFire    . . .     SeeInvis +   l - +0 broad axe
rCold    . . .     Gourm    .   n - +0 buckler
rNeg     . . .     Faith    .   b - +2 leather armour
rPois    +         Spirit   .   (no helmet)
rElec    .         Reflect  .   (no cloak)
rCorr    .         Harm     .   e - +0 pair of gloves
MR       .....                  (no barding)
Stlth    +.........             (no amulet)
HPRegen  0.21/turn              d - +5 ring of dexterity
MPRegen  0.10/turn              (no ring)

@: very slow
A: large, see invisible, deformed body, poison resistance, slowness 2, slow
metabolism 1, spit poison 1, AC +2
a: Spit Poison, Renounce Religion


You were on level 5 of the Dungeon.
You worshipped Xom.
You were Xom's teddy bear.
You were not hungry.

You visited 1 branch of the dungeon, and saw 5 of its levels.

You collected 305 gold pieces.


Innate Abilities, Weirdness & Mutations

You cannot wear boots.
Your serpentine skin is tough. (AC +2)
You have supernaturally acute eyesight. (SInv)
Armour fits poorly on your strangely shaped body.
Your system is resistant to poisons. (rPois)
You cover ground very slowly.
You have a slow metabolism.
You can spit poison.


   Skills:
 + Level 6.4 Fighting
 + Level 6.4 Axes
 - Level 1.5 Armour
 - Level 0.7 Dodging


You had 6 spell levels left.
You didn't know any spells.

Action                   |  1- 3 |  4- 6 |  7- 9 || total
-------------------------+-------+-------+-------++-------
Melee: Hand axe          |    75 |   115 |       ||   190
       Broad axe         |       |    21 |    33 ||    54
 Abil: Spit Poison       |    25 |    17 |     3 ||    45
  Use: Scroll            |       |     6 |     1 ||     7
 Stab: Sleeping          |     1 |     2 |     2 ||     5
       Paralysed         |     2 |     3 |       ||     5
       Confused          |       |     1 |       ||     1
  Eat: Chunk             |     1 |     3 |     2 ||     6
       Ration            |       |     1 |     1 ||     2
Armor: Leather armour    |    27 |    49 |     5 ||    81
       Skin              |       |    22 |       ||    22
Dodge: Dodged            |    40 |    81 |     9 ||   130
Block: Buckler           |     4 |    20 |     2 ||    26

Inventory:

Hand Weapons
 l - a +0 broad axe (weapon)
Armour
 b - a +2 leather armour (worn)
 e - a +0 pair of gloves (worn)
 k - a +0 large shield
 n - a +0 buckler (worn)
Jewellery
 d - a +5 ring of dexterity (left hand)
Wands
 i - a wand of iceblast (5)
Scrolls
 a - a scroll of blinking {unknown}
 f - a scroll of teleportation
 j - a scroll of enchant armour {unknown}
 p - 3 scrolls of remove curse {unknown}
 r - a scroll of enchant weapon {unknown}
Potions
 g - 7 potions of curing
 h - a potion of flight
 m - a potion of mutation
 o - a potion of lignification {unknown}
 q - a potion of heal wounds
Comestibles
 c - 8 rations

#.....# #. #
#.....# #.
#'###.....# ##
...%......# #
..........##### #
................
#
................#
# ####O........#
# #...@.._.....#
# Z
#............#
#............#
#............#
####.........#
#.........#
#####....#######
#...#...##_..._#
#...#...##≈#'#≈#


You could see an ogre.

Vanquished Creatures
  Sigmund (D:2)
  An ice beast (D:5)
  An ogre (D:5)
  A crimson imp (D:5)
  A hound (D:2)
  An orc wizard (D:4)
  8 gnolls
  6 adders
  An adder skeleton (D:5)
  A worm (D:4)
  2 dart slugs
  7 leopard geckos
  5 orcs
  12 bats
  A giant cockroach (D:3)
  10 goblins
  11 hobgoblins
  4 quokkas
  A ball python (D:3)
  4 frilled lizards
  A jackal skeleton (D:5)
  11 kobolds
  11 rats
102 creatures vanquished.

Vault maps used:
D:1:      dpeg_arrival_circle_labyrinth_a
D:2:      old_standard_altar, dk_noncrumbling_4, uniq_crazy_yiuf_cottage,
          uniq_sigmund
D:3:      chequers_ecumenical_altar_island, first_ration
D:4:      minmay_temple_entry_nine_rooms, nicolae_gozag_seed_capital
D:5:      lemuel_doored_altar, kennysheep_mini,
          gammafunk_temple_overflow_elements, basic_altar,
          nicolae_tso_carved_into_rock


Message History

The ogre barely misses you.
You hit the ogre.
The ogre is heavily wounded.
You have got your breath back.
The ogre hits you with a giant club!!
You are too injured to fight recklessly!
You are too injured to fight recklessly!
You are too injured to fight recklessly!
You slash the ogre!
The ogre is almost dead.
The ogre hits you with a giant club!!
You hit the ogre.
The ogre is almost dead.
The ogre hits you with a giant club!!
* * * LOW HITPOINT WARNING * * *
You hit the ogre but do no damage.
The ogre is almost dead.
The ogre hits you with a giant club!!
You die...
Xom is highly amused!

Notes
Turn   | Place    | Note
-------+----------+-------------------------------------------
     0 | D:1      | Serpenta the Naga Chaos Knight began the quest for the Orb.
     0 | D:1      | Reached XP level 1. HP: 21/21 MP: 1/1
   198 | D:1      | Reached XP level 2. HP: 23/28 MP: 2/2
   227 | D:1      | XOM: harmless Necr miscast
   562 | D:1      | XOM: divination: magic mapping
   655 | D:1      | Reached XP level 3. HP: 36/36 MP: 3/3
   737 | D:1      | XOM: harmless Tmut miscast
   964 | D:2      | Found a sparkling altar of Nemelex Xobeh.
   967 | D:2      | XOM: harmless Tloc miscast
  1014 | D:2      | XOM: smoke on damage
  1052 | D:2      | Reached XP level 4. HP: 18/44 MP: 4/4
  1354 | D:2      | Noticed Sigmund
  1373 | D:2      | XOM: cast spell 'Statue Form'
  1388 | D:2      | Killed Sigmund
  1388 | D:2      | Reached skill level 5 in Fighting
  1388 | D:2      | Reached skill level 5 in Axes
  1388 | D:2      | Reached XP level 5. HP: 52/52 MP: 5/5
  1388 | D:2      | Reached XP level 6. HP: 61/61 MP: 6/6
  1472 | D:2      | Found a runed door.
  1494 | D:2      | XOM: scenery: create altars
  1611 | D:2      | XOM: god gift: 18 gold pieces {god gift}
  1814 | D:2      | XOM: god gift: trident {god gift}
  2211 | D:3      | Found a faded altar of an unknown god.
  2594 | D:3      | XOM: divination: magic mapping
  2827 | D:4      | Found an opulent altar of Gozag.
  2949 | D:4      | Reached XP level 7. HP: 39/68 MP: 7/7
  3148 | D:4      | Found a staircase to the Ecumenical Temple.
  3358 | D:5      | Entered Level 5 of the Dungeon
  3471 | D:5      | Found a glowing golden altar of the Shining One.
  3535 | D:5      | XOM: divination: detect creatures
  3541 | D:5      | XOM: polymorph sky beast -> crocodile
  3654 | D:5      | XOM is BORED!
  3654 | D:5      | XOM: mild Conj miscast
  3740 | D:5      | XOM: scenery: 1 doors open
  3859 | D:5      | Found a sacrificial altar of Ru.
  3859 | D:5      | Found a hazy altar of Hepliaklqana.
  3871 | D:5      | Found a glowing golden altar of the Shining One.
  3877 | D:5      | XOM: enchant monster (good)
  3972 | D:5      | Demolished by an ogre
